 Dungeon Crawl Stone Soup version 0.30-a0-760-g5a9884bb7c (webtiles) character file.

Game seed: 4124059645521595002

289 dolemite99 the Magician (level 6, -4/40 HPs)
             Began as a Djinni Ice Elementalist on Feb 11, 2023.
             Was an Initiate of Gozag.
             Slain by a gnoll
             ... wielding a +1 flail of protection
              (6 damage)
             ... on level 5 of the Dungeon.
             The game lasted 00:07:17 (5690 turns).

dolemite99 the Magician (Djinni Ice Elementalist)   Turns: 5690, Time: 00:07:18

Health: -4/40      AC:  3    Str:  7    XL:     6   Next: 57%
Gold:   271        EV: 12    Int: 18    God:    Gozag SH:  0 Dex: 14

rFire   + + +      SeeInvis .    q - +2 trident (holy)
rCold   + . .      Faith    .    (no shield)
rNeg    . . .      Spirit   .    u - +1 robe {rC+ rF+}
rPois   ∞          Reflect  .    (no helmet)
rElec   +          Harm     .    (no cloak)
rCorr   +          Rampage  .    (no gloves)
Will    .....                    (boots unavailable)
Stlth   ++                       (no amulet)
HPRegen 0.26/turn                (no ring)
MPRegen 0.00/turn                (no ring)

@: resistant, weak-willed, flying
A: sickness immunity, fire resistance 2, cold vulnerability 1, float, innate
caster, HP casting, extra vitality 1
a: Renounce Religion, Potion Petition, Call Merchant, Bribe Branch


You were on level 5 of the Dungeon.
You worshipped Gozag.
Gozag was aware of your devotion.
You visited 1 branch of the dungeon, and saw 5 of its levels.

You collected 317 gold pieces.
You paid 46 gold pieces to Gozag.

Inventory:

Hand Weapons
 d - a +0 short sword
 e - a +0 flail
 g - a +0 sling
 h - a +0 hand axe
 q - a +2 trident of holy wrath (weapon)
Missiles
 k - 2 silver boomerangs
 p - 8 poisoned darts
 s - 3 datura-tipped darts
Armour
 a - a +0 robe
 u - a +1 robe of resistance (worn)
Scrolls
 c - 2 scrolls of vulnerability
 f - a scroll of enchant armour {unknown}
 j - 2 scrolls of identify {unknown}
 n - a scroll of enchant weapon {unknown}
 o - a scroll of teleportation {unknown}
 r - a scroll of acquirement {unknown}
Potions
 b - 2 potions of magic


   Skills:
 - Level 2.1 Dodging
 - Level 1.5 Stealth
 + Level 5.8 Spellcasting


You had 2 spell levels left.
You knew the following spells:

 Your Spells              Type           Power      Damage    Failure   Level
a - Freeze                Ice            100%       1d10      1%          1
b - Summon Small Mammal   Summ           100%       N/A       1%          1
c - Ozocubu's Armour      Ice            26%        N/A       3%          3
d - Summon Ice Beast      Ice/Summ       26%        N/A       11%         4
f - Blink                 Tloc           52%        N/A       1%          2
z - Frozen Ramparts       Ice            52%        1d8       3%          3
Your spell library was empty.

Dungeon Overview and Level Annotations

Branches:
Dungeon (5/15)
 Temple: D:4-7

Altars:
Gozag
Wu Jian

Portals:
Abyss: D:3

Annotations:
D:3 2 transporters, Beavis's ghost, amateur GnWn
D:4 Sigmund


Innate Abilities, Weirdness & Mutations

You are immune to sickness and miasma.
You are immune to poison.
Your flesh is very heat resistant. (rF++)
You are vulnerable to cold. (rC-)
You float through the air rather than walking.
You learn spells naturally, not from books.
Your magical power is your life essence.
You have superior vitality. (+4 MHP)


Message History

* * * LOW HITPOINT WARNING * * *
The gnoll barely misses you.
It was a potion of heal wounds.
You feel much better. The bullfrog closely misses you.
The gnoll completely misses you.
The bullfrog hits you but does no damage.
You're too confused to cast spells.
You hit the bullfrog.
The bullfrog is moderately wounded.
The bullfrog hits you! The gnoll closely misses you. The bullfrog hits you!
You're too confused to cast spells.
You're too confused to cast spells.
Unknown command.
Unknown command.
You're too confused to cast spells.
Unknown command.
Okay, then.
The bullfrog hits you but does no damage.
The gnoll barely misses you. The bullfrog hits you.
The gnoll hits you with a +1 flail of protection.
The bullfrog hits you. The bullfrog hits you!
The gnoll hits you with a +1 flail of protection!
The bullfrog hits you.
The gnoll hits you with a +1 flail of protection.
* * * LOW HITPOINT WARNING * * *
The bullfrog hits you.
* * * LOW HITPOINT WARNING * * *
The bullfrog swells and bulges.
The bullfrog hits you.
* * * LOW HITPOINT WARNING * * *
The gnoll hits you with a +1 flail of protection!
* * * LOW HITPOINT WARNING * * *
You feel less invigorated.
You feel less confused. The bullfrog hits you.
* * * LOW HITPOINT WARNING * * *
The gnoll hits you with a +1 flail of protection.
You die...
Your body crumbles into a pile of gold.

.... #..# #..# #. #..#
.## #..#### ..#######
#.....# #........
#.###.# #........ #g#
#.# #....... #@# #.#
#....... #F# #.#
#....... ..# #.#
#.......
....##.#####....... $
+....+.rY.$.........
#....##.####........
####################>#
#.#+#####
............)........#
#.#
######################
#.#


You could see a bullfrog (weak-willed) and a gnoll (weak-willed).

Vanquished Creatures
  A necrophage (D:5)
  Jessica (D:2)
  Robin (D:3)
  9 adders
  A shadow imp (D:4)
  An ufetubus (D:5)
  2 worms
  A dart slug (D:3)
  5 orcs (D:3)
  9 endoplasms
  2 giant cockroaches
  15 goblins
  5 hobgoblins
  3 quokkas
  10 ball pythons
  4 bats
  7 frilled lizards
  5 kobolds
  7 rats
89 creatures vanquished.

Vanquished Creatures (others)
  5 demonic plants (D:4)
5 creatures vanquished.

Grand Total: 94 creatures vanquished

Notes
Turn   | Place    | Note
-------+----------+-------------------------------------------
     0 | D:1      | dolemite99 the Djinni Ice Elementalist began the quest for
                  | the Orb.
     0 | D:1      | dolemite99 set off with the following spells memorised:
                  | Freeze, Frozen Ramparts, Ozocubu's Armour, Summon Ice
                  | Beast.
     0 | D:1      | Reached XP level 1. HP: 15/15 MP: 0/0
   489 | D:1      | Reached XP level 2. HP: 20/21 MP: 0/0
  1141 | D:1      | Reached XP level 3. HP: 14/25 MP: 0/0
  1141 | D:1      | Learned a level 1 spell: Summon Small Mammal
  1877 | D:2      | Reached skill level 4 in Spellcasting
  2140 | D:2      | Found an ornate altar of the Wu Jian Council.
  2359 | D:2      | Reached XP level 4. HP: 28/31 MP: 0/0
  2721 | D:2      | Noticed Jessica
  2727 | D:2      | Killed Jessica
  2728 | D:2      | Reached XP level 5. HP: 31/35 MP: 0/0
  2728 | D:2      | Learned a level 2 spell: Blink
  2992 | D:3      | Found a transporter.
  3004 | D:3      | Found a transporter.
  3036 | D:3      | Reached skill level 5 in Spellcasting
  3589 | D:3      | Found a one-way gate to the infinite horrors of the Abyss.
  3589 | D:3      | Noticed Beavis's ghost (amateur GnWn)
  3603 | D:3      | Found an opulent altar of Gozag.
  3662 | D:3      | Became a worshipper of Gozag Ym Sagoz the Greedy
  3740 | D:3      | Noticed Robin
  3761 | D:3      | Killed Robin
  3770 | D:3      | Reached XP level 6. HP: 16/40 MP: 0/0
  5430 | D:4      | Noticed Sigmund
  5437 | D:5      | Entered Level 5 of the Dungeon
  5630 | D:5      | Noticed an ice beast
  5690 | D:5      | HP: 2/40 [bullfrog (6)]
  5690 | D:5      | Slain by a gnoll

Illustrated notes

Levels and vault maps discovered:
D:1:      evilmike_arrival_grusome_pit, layout_loops_ring
D:2:      minmay_general_purpose_star, layout_basic, basic_altar,
          minmay_tetromino_i2, uniq_jessica
D:3:      layout_basic, mainiacjoe_overflow_tiny_flanked,
          gammafunk_ghost_abyssal_escape, uniq_robin
D:4:      layout_basic, serial_demonic, serial_demonic_a, serial_demonic_g,
          serial_demonic_g, serial_demonic_b, uniq_sigmund
D:5:      layout_basic, minmay_misc_feat_hallway, minivault_5, uniq_eustachio

Skill      XL: |  1  2  3  4  5 |
---------------+----------------+-----
Spellcasting   | 4 5 |  5.8
Dodging        | |  2.1
Stealth        | |  1.5

Action                     |  1- 3 |  4- 6 || total
---------------------------+-------+-------++-------
  Melee: Unarmed           |     2 |       ||     2
         Short sword       |     4 |     4 ||     8
         Trident           |       |    56 ||    56
   Cast: Freeze            |    48 |    48 ||    96
         Frozen Ramparts   |       |    11 ||    11
         Summon Small Mamm |       |     5 ||     5
         Blink             |       |     1 ||     1
    Use: Potion            |       |     8 ||     8
         Scroll            |       |     1 ||     1
   Stab: Sleeping          |     1 |       ||     1
 Armour: Robe              |     7 |    19 ||    26
         Skin              |       |    20 ||    20
  Dodge: Dodged            |    20 |    68 ||    88

Table legend: (Time is in decaauts)
 A = Elapsed time spent in this place.
 B = Non-inter-level travel time spent in this place.
 C = Inter-level travel time spent in this place.
 D = Time resting spent in this place.
 E = Time spent auto-exploring this place.
 F = Levels seen in this place.
 G = Mean time per level.
                   A        B        C        D        E       F      G
               +--------+--------+--------+--------+--------+-----+--------+
         Total |   5705 |   5546 |    159 |   2649 |   1826 |   5 | 1141.0 |
       Dungeon |   5705 |   5546 |    159 |   2649 |   1826 |   5 | 1141.0 |
               +--------+--------+--------+--------+--------+-----+--------+

Top non-repeatable levels by time:
     D:3: 1606 daAuts
     D:1: 1493 daAuts
     D:2: 1477 daAuts
     D:4: 866 daAuts
     D:5: 260 daAuts
